 Dungeon Crawl Stone Soup version 0.22.0-49-gab54619 (webtiles) character file.

112 Folque the Vexing (level 4, -2/42 HPs)
             Began as an Ogre Arcane Marksman on Sept 6, 2018.
             Killed by nerve-wracking pain
             ... invoked by Grinder
              (12 damage)
             ... while paralysed by Grinder
             ... on level 3 of the Dungeon.
             The game lasted 00:14:03 (2563 turns).

Folque the Vexing (Ogre Arcane Marksman)            Turns: 2563, Time: 00:14:10

Health: -2/42      AC:  3    Str: 11 (14) XL:     4   Next: 93%
Magic:  0/8        EV:  1    Int: 18 (19) God:
Gold:   67         SH:  0    Dex: 12 (15) Spells: 3/9 levels left

rFire    . . .     SeeInvis .   b - +0 short sword
rCold    . . .     Gourm    .   (no shield)
rNeg     . . .     Faith    .   a - +0 robe
rPois    .         Spirit   .   (helmet restricted)
rElec    .         Reflect  .   (no cloak)
rCorr    .         Harm     .   (gloves unavailable)
MR       .....                  (boots unavailable)
Stlth    ++........             (no amulet)
HPRegen  0.14/turn              (no ring)
MPRegen  0.11/turn              (no ring)

@: paralysed, brilliant, agile, portal projectile
A: large, unfitting armour, tough skin 1
a: Cancel Portal Projectile


You were on level 3 of the Dungeon.
You were hungry.

You visited 1 branch of the dungeon, and saw 3 of its levels.

You collected 67 gold pieces.

Inventory:

Hand Weapons
 b - a +0 short sword (weapon)
 i - a +1 dagger of draining
Missiles
 c - 2 large rocks (quivered)
 d - 2 throwing nets
 e - 48 stones
Armour
 a - a +0 robe (worn)
Jewellery
 h - an uncursed ring of positive energy {unknown}
 r - a +3 ring of dexterity {unknown}
 t - an uncursed ring of protection from cold {unknown}
Wands
 u - a wand of polymorph (9)
Scrolls
 g - a scroll of identify {unknown}
 m - a scroll of blinking {unknown}
 o - a scroll of enchant armour {unknown}
 p - a scroll of teleportation {unknown}
 q - a scroll of magic mapping
Potions
 l - a potion of curing
 n - 3 potions of agility
Comestibles
 f - 8 rations


   Skills:
 + Level 1.8 Fighting
 - Level 3.0 Throwing
 - Level 1.7 Dodging
 - Level 3.0 Spellcasting
 * Level 3.5 Hexes
 + Level 0.4 Translocations


You had 3 spell levels left.
You knew the following spells:

 Your Spells              Type           Power        Failure   Level  Hunger
a - Corona                Hex            ####...      1%          1    None
b - Slow                  Hex            ####....     1%          2    ##.....
s - Portal Projectile     Hex/Tloc       ###...       2%          3    ###....

Your spell library contained the following spells:

 Spells                   Type           Power        Failure   Level  Hunger
 Beastly Appendage        Tmut           ##....       1%          1    None
 Sticks to Snakes         Tmut           ##......     3%          2    ##.....
 Inner Flame              Hex/Fire       ###.....     3%          3    ###....
 Spider Form              Tmut/Pois      ##........   5%          3    ###....
 Cause Fear               Hex            ####......   4%          4    ####...
 Leda's Liquefaction      Hex/Erth       ###.......   9%          4    ####...
 Ice Form                 Ice/Tmut       ##......     17%         4    ####...
 Blade Hands              Tmut           ##........   38%         5    ######.


Dungeon Overview and Level Annotations

Branches:
Dungeon (3/15)

Altars:
Ashenzari
Cheibriados
Ru
Xom

Annotations:
D:3 1 runed door, Grinder


Innate Abilities, Weirdness & Mutations

You are too large for most types of armour.
You have tough skin. (AC +1)


Message History

Confirm with . or Enter, or press ? or * to list all spells.
You begin teleporting projectiles to their destination.
Throwing (i - inventory. (/) - cycle)
c - 4 large rocks (quivered)
Press: ? - help, Shift-Dir - straight line, f/p - Grinder
Aim: Grinder You magically throw a large rock.
The large rock barely misses Grinder.
Grinder says, "I used to sell toenails on the black market."
Grinder gestures at you. You resist with significant effort.
Grinder blinks!
Unknown command.
Throwing (i - inventory. (/) - cycle)
c - 3 large rocks (quivered)
Press: ? - help, Shift-Dir - straight line, f/p - Grinder
Aim: Grinder You magically throw a large rock.
The large rock hits Grinder!
Grinder is moderately wounded.
Grinder gestures at you.
You suddenly lose the ability to move!
Grinder gestures at you. Pain shoots through your body!
You die...

...# *,).#+####
#.....######## ...#
*,#......# #.....'.......
...# *,#......#
#.....######## ...#
*,#......######....(#
####**,#......##.........#
,,,,,,,*#..#***#.#####.###
*****,,*#.(# #.# #.#
,,,,,,,*#.5# #.# #.#
****,,,*##.# #@# *.#
*,,,**#.#####(# *,*
*,,,,,#..5....# *,*
****,*,*,#....5..# *,*
,,,,,*,*,#.......#****,*
******,*,#.......+,,,,,*
***,*,*,#.......#**********
*,,,*,*,#.........,,,,,,,,*
*,*,*<*,###########******,*


You could see Grinder.

Vanquished Creatures
  Ijyb (D:3)
  Jessica (D:2)
  2 worms
  A dart slug (D:1)
  4 leopard geckos
  A giant cockroach (D:2)
  A goblin (D:1)
  5 hobgoblins
  6 jackals
  2 ball pythons
  7 bats
  2 frilled lizards (D:1)
  8 kobolds
  8 rats
49 creatures vanquished.

Notes
Turn   | Place    | Note
-------+----------+-------------------------------------------
     0 | D:1      | Folque the Ogre Arcane Marksman began the quest for the
                  | Orb.
     0 | D:1      | Reached XP level 1. HP: 19/19 MP: 2/2
   291 | D:1      | Reached XP level 2. HP: 26/27 MP: 2/4
   295 | D:1      | Learned a level 2 spell: Slow
   971 | D:1      | Reached XP level 3. HP: 32/33 MP: 4/6
   976 | D:1      | Learned a level 3 spell: Portal Projectile
  1136 | D:2      | Found a shattered altar of Ashenzari.
  1265 | D:2      | Found a sacrificial altar of Ru.
  1403 | D:2      | Found a shimmering altar of Xom.
  1434 | D:2      | Noticed Jessica
  1438 | D:2      | Killed Jessica
  1438 | D:2      | Reached XP level 4. HP: 41/41 MP: 3/8
  2105 | D:3      | Found a snail-covered altar of Cheibriados.
  2180 | D:3      | Noticed Ijyb
  2193 | D:3      | Killed Ijyb
  2492 | D:3      | Found a runed door.
  2525 | D:3      | Noticed Grinder
  2558 | D:3      | Paralysed by Grinder for 2 turns
  2563 | D:3      | Paralysed by Grinder for 6 turns
  2563 | D:3      | Killed from afar by Grinder

Skill      XL: |  1  2  3  4 |
---------------+-------------+-----
Hexes          | 3 |  3.5
Spellcasting   | 2 3 |  3.0
Throwing       | 3 |  3.0
Fighting       | |  1.8
Dodging        | |  1.7
Translocations | |  0.4

Action                   |  1- 3 |  4- 6 || total
-------------------------+-------+-------++-------
Melee: Short sword       |   108 |    51 ||   159
       Unarmed           |     3 |    17 ||    20
Throw: Large rock        |     1 |     8 ||     9
 Cast: Corona            |    34 |    17 ||    51
       Portal Projectile |     1 |     3 ||     4
       Slow              |       |     3 ||     3
  Use: Potion            |       |     4 ||     4
       Scroll            |       |     1 ||     1
  Eat: Chunk             |     3 |     3 ||     6
Armor: Robe              |    44 |    25 ||    69
       Skin              |       |     2 ||     2
Dodge: Dodged            |    72 |    54 ||   126
